 Dungeon Crawl Stone Soup version 0.31.0 (webtiles) character file.

Game seed: 11183125674071367839

265453 qw the Crack Shot (level 20, -16/144 HPs)
             Began as a Gargoyle Hunter on Jan 20, 2024.
             Was a High Priest of Okawaru.
             Demolished by an enormous slime creature (70 damage)
             ... on level 4 of the Vaults.
             The game lasted 00:07:06 (33316 turns).

qw the Crack Shot (Gargoyle Hunter)                Turns: 33316, Time: 00:07:07

Health: -16/144    AC: 34    Str: 22    XL:     20   Next: 48%
Magic:  24/24      EV: 31    Int:  8    God:    Okawaru [*****.]
Gold:   426        SH:  0    Dex: 29    Spells: 19/19 levels left

rFire   + . .        u - +0 hand cannon
rCold   + . .        (no shield)
rNeg    + . .        A - +2 ring mail {rF+}
rPois   inf          y - +1 helmet "Fanniott" {Fly Regen+ Str+4}
rElec   +            e - scarf {repulsion}
rCorr   .            v - +2 pair of gloves
SInv    .            t - +2 pair of boots of Least Resistance {rC+ Str+2 Int-2}
Will    +....        C - amulet of faith
Stlth   ++           g - +6 ring of dexterity
HPRegen 1.24/turn    B - +5 ring of evasion
MPRegen 0.19/turn

%: repel missiles, faith
@: flying
A: sickness immunity, AC +15, big wings, negative energy resistance 1,
electricity resistance, torment resistance 1, petrification resistance, hooves
1, agile 1, low MP 1
}: 1/15 runes: serpentine
a: Renounce Religion, Heroism, Finesse, Duel


You were on level 4 of the Vaults.
You worshipped Okawaru.
Okawaru was extremely pleased with you.
You visited 6 branches of the dungeon, and saw 33 of its levels.
You also visited: Sewer.

You collected 3883 gold pieces.
You spent 3457 gold pieces at shops.


Innate Abilities, Weirdness & Mutations

You are immune to sickness and miasma.
Your stone body is resilient. (AC +15)
You are immune to poison.
Your large and strong wings let you fly.
You resist negative energy. (rN+)
You are resistant to electric shocks. (rElec)
You are resistant to unholy torment.
You are immune to petrification.
You have large cloven feet.
You are agile. (Dex +4, Str/Int -1)
Your magical capacity is low. (-10% MP)


   Skills:
 - Level 21.0 Fighting
 + Level 22.4 Ranged Weapons
 - Level 12.0 Armour
 - Level 14.5 Dodging
 - Level 1.1 Stealth
 - Level 10.0 Invocations


You had 19 spell levels left.
You didn't know any spells.
Your spell library was empty.

Inventory:

Hand Weapons
 u - a +0 hand cannon (weapon)
Armour
 e - a scarf of repulsion (worn)
 j - a +2 leather armour of cold resistance
 k - a +1 cloak of preservation
 t - the +2 pair of boots of Least Resistance (worn) {rC+ Str+2 Int-2}
   (Okawaru gifted it to you on level 5 of the Lair of Beasts)

   Str+2:     It affects your strength (+2).
   Int-2:     It affects your intelligence (-2).
   rC+:       It protects you from cold.
 v - a +2 pair of gloves (worn)
 y - the +1 helmet "Fanniott" (worn) {Fly Regen+ Str+4}
   (You found it on level 2 of the Snake Pit)

   Str+4:     It affects your strength (+4).
   Fly:       It grants you flight.
   Regen+:    It increases your rate of health regeneration.
 z - a +0 troll leather armour
 A - a +2 ring mail of fire resistance (worn)
 E - a scarf of resistance
Jewellery
 g - a +6 ring of dexterity (left hand)
 i - an amulet of reflection
 x - a ring of fire
 B - a +5 ring of evasion (right hand)
 C - an amulet of faith (around neck)
Wands
 h - a wand of roots (43)
 l - a wand of digging (29)
 D - a wand of polymorph (17)
Scrolls
 b - 9 scrolls of identify
 p - 11 scrolls of teleportation
 s - a scroll of enchant armour
Potions
 c - 5 potions of heal wounds
 d - 2 potions of might
 f - 12 potions of curing
 m - a potion of resistance
 n - 3 potions of mutation
 o - 4 potions of haste
 q - a potion of magic
 r - 6 potions of enlightenment
 w - 2 potions of cancellation

Dungeon Overview and Level Annotations

Branches:
Dungeon (15/15)            Temple (0/1) D:5            Lair (5/5) D:9
  Swamp (3/4) Lair:2        Snake (4/4) Lair:3        Slime (0/5) Lair:5
    Orc (2/2) D:11            Elf (0/3) Orc:2        Vaults (4/5) D:13
  Crypt (0/3) Vaults:2     Depths (0/4) D:15          Sewer (visited)

Altars:
Ashenzari
Dithmenos
Fedhas
Hepliaklqana
Kikubaaqudgha
Makhleb
Nemelex Xobeh
Okawaru
Qazlal
Uskayaw
Vehumet
Wu Jian
Xom
Zin

Shops:
Orc:1 **=[(   Orc:2 *(!!   Snake:4 *[   Vaults:1 !

Annotations:
Lair:4 2 transporters
Swamp:1 1 runed translucent door, qw's ghost, adept GrHu
Vaults:2 1 runed translucent door, qw's ghost, adept GrHu
Vaults:3 3 runed translucent doors, qw's ghost, adept GrHu


Message History

Two slime creatures merge to form an enormous slime creature.
You shoot a bolt. The bolt hits the ironbound preserver.
The ironbound preserver is severely wounded.
The ironbound preserver mumbles some strange words.
The ironbound preserver begins to accept its allies' injuries.
You shoot a bolt.
The bolt barely misses the ironbound preserver.
The ironbound preserver mumbles some strange words.
The ironbound preserver is healed somewhat.
You shoot a bolt.
The bolt hits the ironbound preserver!!!
You kill the ironbound preserver!
Okawaru accepts your kill.
You shoot a bolt.
The bolt hits the enormous slime creature!!
The enormous slime creature is lightly wounded.
The enormous slime creature completely misses you.
You shoot a bolt.
The bolt hits the enormous slime creature!!!
The enormous slime creature is moderately wounded.
The enormous slime creature barely misses you.
You shoot a bolt.
The bolt hits the enormous slime creature!
The enormous slime creature is moderately wounded.
The enormous slime creature completely misses you.
You shoot a bolt.
The bolt hits the enormous slime creature.
The enormous slime creature is moderately wounded.
The enormous slime creature hits you but does no damage.
You shoot a bolt.
The bolt hits the enormous slime creature.
The enormous slime creature is moderately wounded.
The enormous slime creature hits you!!!
You shoot a bolt.
The bolt barely misses the enormous slime creature.
The enormous slime creature hits you!!
You shoot a bolt.
The bolt barely misses the enormous slime creature.
The enormous slime creature hits you!!!
You die...

##.## ####.####
#...#...#
#...#...#
##.###.##
####.###.####
#...#...#...#
#...#...#...#
##.###.###@##
#.###.###J#
##...#..T##
#...#:.T# #.....#
##.###)## #.....#
#.# #.# #J...J#
#####%## #.....#
##.....## #.....#
##.....JT###.....#


You could see an enormous slime creature and 2 deep trolls.

Vanquished Creatures
  A dread lich (Vaults:3)
  Margery (Vaults:3)
  Vashnia (Snake:3)
  Nikola (Snake:1)
  Jorgrun (Orc:1)
  A hellephant (Vaults:3)
  3 sphinxes
  2 liches (Vaults:3)
  Agnes (Snake:3)
  Aizul (Snake:1)
  Donald (Swamp:3)
  A tengu reaver (Vaults:4)
  Roxanne (Swamp:3)
  A fenstrider witch (Swamp:3)
  11 nagarajas
  7 vault wardens
  A very ugly thing (Vaults:4)
  4 ghouls (Swamp:3)
  2 formless jellyfish (Vaults:2)
  3 orc warlords
  A stone giant (D:15)
  2 vampire knights (Vaults:2)
  7 ironbound thunderhulks
  6 ironbound preservers
  2 dire elephants (Snake:3)
  2 bunyips
  Azrael (Snake:3)
  An entropy weaver (Vaults:3)
  A jiangshi (Vaults:2)
  2 crystal guardians (Vaults:1)
  A deep elf high priest (Vaults:3)
  A shambling mangrove (Swamp:3)
  Josephine (D:14)
  Erolcha (D:12)
  A yaktaur captain (Vaults:3)
  4 ogre magi
  2 salamander tyrants
  9 great orbs of eyes
  3 ironbound frosthearts
  5 vault guards
  A peacekeeper (Vaults:1)
  A rakshasa (D:14)
  5 hydras
  25 anacondas
  4 catoblepae
  3 centaur warriors (D:14)
  2 death knights
  8 alligators
  8 boulder beetles
  Erica (D:8)
  16 two-headed ogres
  A tengu warrior (D:14)
  10 death yaks
  An orc high priest (Orc:1)
  20 naga warriors
  14 naga sharpshooters
  4 shock serpents
  A deep elf knight (Snake:3)
  Nergalle (Orc:1)
  A salamander mystic (Snake:3)
  4 hell knights (Vaults:3)
  18 sea snakes
  2 skysharks
  5 goliath frogs
  16 mana vipers
  4 spriggan druids
  A deep elf archer (Snake:3)
  2 bog bodies
  10 naga ritualists
  4 deep trolls (Vaults:4)
  A glowing orange brain (shapeshifter) (Vaults:4)
  5 swamp dragons
  11 ironbound convokers
  An arcanist (Vaults:4)
  8 lindwurms (Vaults:1)
  A tengu zombie (Vaults:3)
  4 deep elf pyromancers
  A necromancer (Vaults:3)
  A phantasmal warrior (Vaults:2)
  3 harpies (Vaults:3)
  A stone giant zombie (Vaults:3)
  11 salamanders
  5 will-o-the-wisps
  18 ugly things
  An orc sorcerer (Orc:1)
  9 cyclopes
  6 manticores
  Maurice (D:10)
  A guardian serpent (shapeshifter) (D:14)
  12 vault sentinels
  12 elephants (Lair:5)
  2 kobold blastminers (Orc:1)
  17 naga magi
  34 black mambas
  A black mamba (shapeshifter) (D:13)
  8 cane toads
  2 gargoyles
  2 guardian serpents
  A kobold demonologist (D:13)
  8 komodo dragons
  4 rime drakes
  21 yaktaurs
  A komodo dragon (shapeshifter) (D:14)
  2 efreet
  A tengu conjurer (D:14)
  A yaktaur skeleton (Vaults:3)
  8 trolls
  A polar bear (Lair:4)
  7 hornets
  2 tyrant leeches
  5 blink frogs (Lair:1)
  A raiju (Snake:3)
  36 slime creatures
  A shadow (D:10)
  Sigmund (D:6)
  6 spriggans
  A spriggan (shapeshifter) (D:14)
  8 wyverns
  5 fire elementals (Snake:3)
  A steam dragon (D:9)
  5 wraiths
  51 yaks
  2 basilisks
  2 humans (D:13)
  6 wargs
  4 vampire mosquitoes
  Menkaure (D:6)
  50 nagas
  11 swamp worms
  An acid dragon (D:12)
  18 water moccasins
  3 hell hounds (Snake:3)
  3 swamp drakes
  24 orc warriors
  An ice beast (D:6)
  3 black bears
  4 laughing skulls
  23 ogres
  12 centaurs
  13 wolves
  5 kobold brigands
  Blork the orc (D:6)
  8 bullfrogs
  4 scorpions
  A necrophage (Swamp:3)
  A burial acolyte (D:5)
  13 wights
  9 killer bees
  6 electric eels
  A howler monkey (D:6)
  8 jellies
  5 hounds
  A bombardier beetle (D:4)
  19 orc priests
  6 iguanas
  24 orc wizards
  Ijyb (D:4)
  4 sleepcaps
  Robin (D:2)
  A gnoll (D:4)
  8 adders
  3 river rats
  3 white imps
  3 ribbon worms
  3 dart slugs
  99 orcs
  13 endoplasms
  3 giant cockroaches
  28 goblins
  13 hobgoblins
  2 jackals (D:3)
  2 quokkas
  10 ball pythons
  4 bats
  4 frilled lizards
  4 jackal zombies (D:5)
  24 kobolds
  11 rats
1185 creatures vanquished.

Vanquished Creatures (others)
  A naga sharpshooter (Snake:3)
  A sea snake (Snake:3)
  A rat (D:4)
  17 foxfires
20 creatures vanquished.

Grand Total: 1205 creatures vanquished

Notes
Turn   | Place    | Note
-------+----------+-------------------------------------------
     0 | D:1      | qw the Gargoyle Hunter began the quest for the Orb.
     0 | D:1      | Reached XP level 1. HP: 12/12 MP: 1/1
     0 | D:1      | 0 ||| qw: Version: 0.3-a-132-g3d54051
     0 | D:1      | 0 ||| qw: Game counter: 501
     0 | D:1      | 0 ||| qw: Melee chars always use a shield: true
     0 | D:1      | 0 ||| qw: God list: Okawaru
     0 | D:1      | 0 ||| qw: Allow faded altars: false
     0 | D:1      | 0 ||| qw: Do Orc after clearing Dungeon:15 true
     0 | D:1      | 0 ||| qw: Do second Lair branch before Depths: true
     0 | D:1      | 0 ||| qw: Lair rune preference: random
     0 | D:1      | 0 ||| qw: Goals: Normal
     0 | D:1      | 0 ||| PLANNING D:1-11
   176 | D:1      | Reached XP level 2. HP: 17/17 MP: 2/2
   383 | D:1      | Reached XP level 3. HP: 17/21 MP: 3/3
   491 | D:1      | 491 ||| READING scroll labelled PUIFAZ MUYFU.
   491 | D:1      | 491 ||| IDENTIFYING scroll labelled KUAREY NOULI
   492 | D:1      | 492 ||| READING scroll labelled TAXTIM WISAYM.
   493 | D:1      | 493 ||| READING scroll labelled WUUTRO FAARURR.
   496 | D:1      | 496 ||| DROPPING scroll of butterflies.
   497 | D:1      | 497 ||| DROPPING scroll of blinking.
   508 | D:2      | Found a faded altar of an unknown god.
   553 | D:2      | Reached skill level 5 in Ranged Weapons
   619 | D:2      | Noticed Robin
   634 | D:2      | Killed Robin
   638 | D:2      | Reached skill level 3 in Fighting
   729 | D:2      | Reached XP level 4. HP: 28/28 MP: 4/4
  1105 | D:2      | 1105 ||| UPGRADING to +0 helmet.
  1110 | D:2      | 1110 ||| UPGRADING to +6 ring of dexterity.
  1111 | D:2      | 1111 ||| READING scroll of identify.
  1111 | D:2      | 1111 ||| IDENTIFYING inky potion
  1131 | D:3      | 1131 ||| FLEEEEING.
  1134 | D:3      | 1134 ||| STAIRDANCE
  1345 | D:3      | 1345 ||| FLEEEEING.
  1346 | D:3      | 1346 ||| STAIRDANCE
  1368 | D:2      | 1368 ||| READING scroll of identify.
  1368 | D:2      | 1368 ||| IDENTIFYING ruby potion
  1369 | D:2      | 1369 ||| READING scroll labelled IQAOLUNLI NASU.
  1369 | D:2      | 1369 ||| ENCHANTING +0 helmet.
  1439 | D:3      | 1439 ||| FLEEEEING.
  1522 | D:3      | Reached XP level 5. HP: 32/32 MP: 5/5
  1685 | D:3      | Reached skill level 6 in Ranged Weapons
  1701 | D:3      | 1701 ||| FLEEEEING.
  1813 | D:3      | Identified the +7 dagger of the Tired Cities {drain, rF-
                  | Will+ rCorr Str+5}
  2031 | D:3      | 2031 ||| FLEEEEING.
  2244 | D:3      | 2244 ||| UPGRADING to +0 ring mail.
  2254 | D:3      | 2254 ||| DROPPING +0 leather armour.
  2255 | D:3      | 2255 ||| UPGRADING to amulet of guardian spirit.
  2260 | D:3      | 2260 ||| READING scroll labelled FIMEUQ YDDAETZ.
  2279 | D:4      | Found a glowing drain.
  2280 | D:4      | 2280 ||| PLANNING SEWER
  2281 | D:4      | Reached skill level 1 in Armour
  2285 | D:4      | 2285 ||| STAIRDANCE
  2300 | D:4      | 2300 ||| STAIRDANCE
  2302 | D:3      | 2302 ||| FLEEEEING.
  2322 | D:4      | 2322 ||| STAIRDANCE
  2356 | Sewer    | Entered a sewer
  2432 | Sewer    | Noticed a kobold brigand
  2432 | Sewer    | Noticed a kobold brigand
  2442 | Sewer    | Killed a kobold brigand
  2443 | Sewer    | Reached XP level 6. HP: 39/39 MP: 6/6
  2623 | Sewer    | Reached skill level 7 in Ranged Weapons
  2623 | Sewer    | Reached XP level 7. HP: 35/44 MP: 5/7
  2744 | Sewer    | 2744 ||| READING 2 scrolls labelled ICOKLU TYANT.
  2744 | Sewer    | 2744 ||| BRANDING +0 shortbow.
  2745 | Sewer    | 2745 ||| DRINKING 2 bubbling cyan potions.
  2746 | Sewer    | 2746 ||| DRINKING 2 smoky red potions.
  2746 | Sewer    | Gained mutation: You have large cloven feet. [potion of
                  | mutation]
  2746 | Sewer    | Gained mutation: You are agile. (Dex +4, Str/Int -1)
                  | [potion of mutation]
  2746 | Sewer    | Gained mutation: Your magical capacity is low. (-10% MP)
                  | [potion of mutation]
  2758 | D:4      | 2758 ||| PLANNING D:1-11
  2763 | D:4      | Found a burning altar of Makhleb.
  2785 | D:4      | 2785 ||| FLEEEEING.
  2786 | D:4      | 2786 ||| FLEEEEING.
  2787 | D:4      | 2787 ||| FLEEEEING.
  2788 | D:4      | 2788 ||| FLEEEEING.
  2795 | D:4      | 2795 ||| STAIRDANCE
  2937 | D:4      | Reached skill level 8 in Ranged Weapons
  2941 | D:4      | 2941 ||| FLEEEEING.
  2943 | D:4      | Found an iron altar of Okawaru.
  2944 | D:4      | 2944 ||| PLANNING OKAWARU WORSHIP
  2990 | D:4      | Became a worshipper of Warmaster Okawaru
  2991 | D:4      | 2991 ||| PLANNING D:1-11
  2991 | D:4      | 2991 ||| REMOVING amulet of guardian spirit.
  3056 | D:4      | Noticed Ijyb
  3063 | D:4      | Killed Ijyb
  3066 | D:4      | 3066 ||| FLEEEEING.
  3245 | D:4      | Found a broken altar of Ashenzari.
  3418 | D:4      | Identified the +7 short sword of Bespelled Punishment
                  | {heavy, rPois rC+}
  3437 | D:4      | 3437 ||| FLEEEEING.
  3587 | D:4      | Reached XP level 8. HP: 49/49 MP: 7/7
  3816 | D:4      | 3816 ||| UPGRADING to +0 pair of gloves.
  3821 | D:4      | 3821 ||| DROPPING amulet of guardian spirit.
  3822 | D:4      | 3822 ||| READING scroll of identify.
  3822 | D:4      | 3822 ||| IDENTIFYING fizzy emerald potion
  3823 | D:4      | 3823 ||| READING scroll labelled NIWKOM ILULE.
  3824 | D:4      | 3824 ||| READING scroll labelled OPTEJETUYMN.
  3825 | D:4      | 3825 ||| FLEEEEING.
  3828 | D:4      | 3828 ||| STAIRDANCE
  3935 | D:3      | 3935 ||| DRINKING 2 smoky orange potions.
  3961 | D:3      | 3961 ||| DROPPING potion of invisibility.
  3962 | D:3      | 3962 ||| DROPPING potion of lignification.
  3995 | D:5      | Entered Level 5 of the Dungeon
  4007 | D:5      | Found a sparkling altar of Nemelex Xobeh.
  4027 | D:5      | 4027 ||| FLEEEEING.
  4188 | D:5      | Reached skill level 9 in Ranged Weapons
  4285 | D:5      | Found an ancient bone altar of Kikubaaqudgha.
  4355 | D:5      | Found a staircase to the Ecumenical Temple.
  4371 | D:5      | 4371 ||| RETREEEEATING.
  4372 | D:5      | 4372 ||| RETREEEEATING.
  4376 | D:5      | 4376 ||| RETREEEEATING.
  4377 | D:5      | 4377 ||| RETREEEEATING.
  4378 | D:5      | 4378 ||| RETREEEEATING.
  4379 | D:5      | 4379 ||| RETREEEEATING.
  4380 | D:5      | 4380 ||| RETREEEEATING.
  4381 | D:5      | 4381 ||| RETREEEEATING.
  4382 | D:5      | 4382 ||| RETREEEEATING.
  4383 | D:5      | 4383 ||| RETREEEEATING.
  4384 | D:5      | 4384 ||| RETREEEEATING.
  4391 | D:5      | Reached * piety under Okawaru
  4392 | D:5      | Reached skill level 3 in Dodging
  4392 | D:5      | 4392 ||| FLEEEEING.
  4487 | D:5      | Reached skill level 1 in Invocations
  4498 | D:5      | 4498 ||| FLEEEEING.
  4841 | D:6      | Found a radiant altar of Vehumet.
  4905 | D:6      | Reached skill level 6 in Fighting
  4905 | D:6      | Reached skill level 3 in Invocations
  5039 | D:6      | Reached XP level 9. HP: 41/55 MP: 10/10
  5039 | D:6      | 5039 ||| FLEEEEING.
  5045 | D:6      | 5045 ||| STAIRDANCE
  5087 | D:5      | 5087 ||| UPGRADING to +4 ring of slaying {mikee}.
  5102 | D:6      | 5102 ||| FLEEEEING.
  5109 | D:6      | Reached ** piety under Okawaru
  5138 | D:6      | 5138 ||| INVOKING Heroism.
  5169 | D:6      | Noticed Sigmund
  5170 | D:6      | Noticed Blork the orc
  5172 | D:6      | Killed Blork the orc
  5176 | D:6      | 5176 ||| FLEEEEING.
  5177 | D:6      | Killed Sigmund
  5178 | D:6      | Reached skill level 10 in Ranged Weapons
  5182 | D:6      | 5182 ||| STAIRDANCE
  5218 | D:5      | 5218 ||| UPGRADING to +1 robe of fire resistance.
  5240 | D:6      | Noticed Menkaure
  5243 | D:6      | Killed Menkaure
  5623 | D:7      | 5623 ||| INVOKING Heroism.
  5654 | D:7      | 5654 ||| READING scroll of enchant armour.
  5654 | D:7      | 5654 ||| ENCHANTING +0 pair of gloves.
  5679 | D:7      | Reached skill level 11 in Ranged Weapons
  5723 | D:7      | Reached *** piety under Okawaru
  5724 | D:7      | Reached XP level 10. HP: 63/63 MP: 11/11
  5732 | D:7      | Noticed a manticore
  5733 | D:7      | 5733 ||| INVOKING Heroism.
  5743 | D:7      | Killed a manticore
  5916 | D:7      | Found a shadowy altar of Dithmenos.
  6036 | D:7      | 6036 ||| UPGRADING to +0 pair of boots.
  6041 | D:7      | 6041 ||| DRINKING 2 bubbling black potions.
  6042 | D:7      | 6042 ||| DRINKING 2 brown potions.
  6043 | D:7      | 6043 ||| DROPPING potion of attraction.
  6063 | D:8      | Noticed Erica
  6064 | D:8      | 6064 ||| RETREEEEATING.
  6065 | D:8      | 6065 ||| RETREEEEATING.
  6066 | D:8      | 6066 ||| RETREEEEATING.
  6068 | D:8      | 6068 ||| INVOKING Heroism.
  6071 | D:8      | Killed Erica
  6143 | D:8      | 6143 ||| RETREEEEATING.
  6145 | D:8      | 6145 ||| RETREEEEATING.
  6147 | D:8      | 6147 ||| RETREEEEATING.
  6149 | D:8      | 6149 ||| RETREEEEATING.
  6166 | D:8      | 6166 ||| FLEEEEING.
  6174 | D:8      | 6174 ||| STAIRDANCE
  6341 | D:8      | Reached skill level 12 in Ranged Weapons
  6341 | D:8      | 6341 ||| FLEEEEING.
  6345 | D:8      | 6345 ||| STAIRDANCE
  6466 | D:8      | Found an ornate altar of the Wu Jian Council.
  6479 | D:8      | 6479 ||| FLEEEEING.
  6557 | D:8      | Reached **** piety under Okawaru
  6608 | D:8      | Found a blossoming altar of Fedhas.
  6715 | D:8      | Found a glowing silver altar of Zin.
  6776 | D:8      | 6776 ||| SWAPPING to +1 shortbow of flaming.
  6777 | D:8      | 6777 ||| DROPPING +0 heavy shortbow.
  6778 | D:8      | 6778 ||| READING scroll of brand weapon.
  6778 | D:8      | 6778 ||| BRANDING +1 shortbow of flaming.
  6981 | D:8      | 6981 ||| READING scroll of identify.
  6981 | D:8      | 6981 ||| IDENTIFYING blue potion
  6982 | D:8      | 6982 ||| DROPPING potion of brilliance.
  7042 | D:9      | 7042 ||| FLEEEEING.
  7043 | D:9      | 7043 ||| FLEEEEING.
  7045 | D:9      | 7045 ||| RETREEEEATING.
  7046 | D:9      | 7046 ||| RETREEEEATING.
  7047 | D:9      | 7047 ||| RETREEEEATING.
  7051 | D:9      | 7051 ||| RETREEEEATING.
  7056 | D:9      | 7056 ||| INVOKING Finesse.
  7059 | D:9      | Reached XP level 11. HP: 67/68 MP: 7/13
  7081 | D:9      | Reached skill level 6 in Invocations
  7117 | D:9      | Found a staircase to the Lair.
  7210 | D:9      | 7210 ||| FLEEEEING.
  7303 | D:9      | 7303 ||| RETREEEEATING.
  7306 | D:9      | 7306 ||| RETREEEEATING.
  7309 | D:9      | 7309 ||| FLEEEEING.
  7310 | D:9      | 7310 ||| RETREEEEATING.
  7312 | D:9      | 7312 ||| RETREEEEATING.
  7318 | D:9      | 7318 ||| RETREEEEATING.
  7319 | D:9      | 7319 ||| RETREEEEATING.
  7324 | D:9      | 7324 ||| INVOKING Finesse.
  7326 | D:9      | Reached skill level 13 in Ranged Weapons
  7542 | D:9      | Found a hazy altar of Hepliaklqana.
  7731 | D:9      | 7731 ||| PLANNING LAIR
  7731 | D:9      | 7731 ||| DROPPING +0 ring mail.
  7732 | D:9      | 7732 ||| UPGRADING to +2 leather armour of fire resistance.
  7742 | D:9      | 7742 ||| DROPPING +1 robe of fire resistance.
  7743 | D:9      | 7743 ||| READING 2 scrolls of identify.
  7743 | D:9      | 7743 ||| IDENTIFYING lumpy purple potion
  7744 | D:9      | 7744 ||| READING scroll of identify.
  7744 | D:9      | 7744 ||| IDENTIFYING black potion
  7745 | D:9      | 7745 ||| READING scroll labelled BYPNITS SATAE.
  7745 | D:9      | Identified a scroll of acquirement
  7745 | D:9      | 7745 ||| ACQUIRING +3 longbow of flaming
  7745 | D:9      | Acquired a +3 longbow of flaming
  7747 | D:9      | 7747 ||| SWAPPING to +3 longbow of flaming.
  7748 | D:9      | 7748 ||| DROPPING +1 heavy shortbow.
  7749 | D:9      | 7749 ||| READING scroll labelled TARUARRIANE.
  7750 | D:9      | 7750 ||| DROPPING potion of berserk rage.
  7758 | Lair:1   | Entered Level 1 of the Lair of Beasts
  7883 | Lair:1   | 7883 ||| RETREEEEATING.
  7884 | Lair:1   | 7884 ||| RETREEEEATING.
  7885 | Lair:1   | Reached ***** piety under Okawaru
  7889 | Lair:1   | 7889 ||| RETREEEEATING.
  7891 | Lair:1   | 7891 ||| RETREEEEATING.
  7892 | Lair:1   | 7892 ||| RETREEEEATING.
  7893 | Lair:1   | 7893 ||| RETREEEEATING.
  7894 | Lair:1   | 7894 ||| RETREEEEATING.
  7895 | Lair:1   | 7895 ||| RETREEEEATING.
  7896 | Lair:1   | 7896 ||| RETREEEEATING.
  7897 | Lair:1   | 7897 ||| RETREEEEATING.
  7898 | Lair:1   | 7898 ||| RETREEEEATING.
  7899 | Lair:1   | 7899 ||| RETREEEEATING.
  7900 | Lair:1   | 7900 ||| RETREEEEATING.
  7901 | Lair:1   | 7901 ||| RETREEEEATING.
  7903 | Lair:1   | 7903 ||| RETREEEEATING.
  7904 | Lair:1   | 7904 ||| RETREEEEATING.
  7905 | Lair:1   | 7905 ||| RETREEEEATING.
  7906 | Lair:1   | 7906 ||| RETREEEEATING.
  7907 | Lair:1   | 7907 ||| RETREEEEATING.
  7908 | Lair:1   | 7908 ||| RETREEEEATING.
  7909 | Lair:1   | 7909 ||| RETREEEEATING.
  7910 | Lair:1   | 7910 ||| RETREEEEATING.
  7911 | Lair:1   | 7911 ||| RETREEEEATING.
  7912 | Lair:1   | 7912 ||| RETREEEEATING.
  7913 | Lair:1   | 7913 ||| RETREEEEATING.
  7914 | Lair:1   | 7914 ||| RETREEEEATING.
  7916 | Lair:1   | 7916 ||| INVOKING Finesse.
  7919 | Lair:1   | Reached skill level 3 in Armour
  7929 | Lair:1   | Reached skill level 9 in Fighting
  7989 | Lair:1   | 7989 ||| RETREEEEATING.
  7990 | Lair:1   | 7990 ||| RETREEEEATING.
  7991 | Lair:1   | 7991 ||| RETREEEEATING.
  7992 | Lair:1   | 7992 ||| RETREEEEATING.
  7993 | Lair:1   | 7993 ||| RETREEEEATING.
  7994 | Lair:1   | 7994 ||| RETREEEEATING.
  7995 | Lair:1   | 7995 ||| RETREEEEATING.
  7996 | Lair:1   | 7996 ||| RETREEEEATING.
  7997 | Lair:1   | 7997 ||| RETREEEEATING.
  7998 | Lair:1   | 7998 ||| RETREEEEATING.
  7999 | Lair:1   | 7999 ||| RETREEEEATING.
  8000 | Lair:1   | 8000 ||| RETREEEEATING.
  8001 | Lair:1   | 8001 ||| RETREEEEATING.
  8002 | Lair:1   | 8002 ||| RETREEEEATING.
  8060 | Lair:1   | Received a gift from Okawaru
  8061 | Lair:1   | Reached skill level 6 in Dodging
  8102 | Lair:1   | 8102 ||| FLEEEEING.
  8273 | Lair:1   | Noticed a five-headed hydra
  8274 | Lair:1   | 8274 ||| RETREEEEATING.
  8275 | Lair:1   | 8275 ||| RETREEEEATING.
  8276 | Lair:1   | 8276 ||| INVOKING Finesse.
  8284 | Lair:1   | Killed a five-headed hydra
  8465 | Lair:1   | 8465 ||| READING scroll of enchant armour.
  8465 | Lair:1   | 8465 ||| ENCHANTING +1 pair of gloves.
  8637 | Lair:1   | 8637 ||| READING scroll labelled YTHRING SUR GAGH.
  8638 | Lair:1   | 8638 ||| FLEEEEING.
  8683 | Lair:1   | 8683 ||| READING scroll labelled GUIDOE YKOPN.
  8722 | Lair:2   | Reached skill level 9 in Invocations
  8722 | Lair:2   | 8722 ||| FLEEEEING.
  8781 | Lair:2   | Reached XP level 12. HP: 76/76 MP: 17/17
  9153 | Lair:2   | HP: 12/76 [spriggan druid/angry trees (13)]
  9154 | Lair:2   | 9154 ||| READING 2 scrolls of teleportation.
  9154 | Lair:2   | HP: 2/76 [spriggan druid/angry trees (11)]
  9155 | Lair:2   | 9155 ||| DRINKING 5 potions of heal wounds.
  9319 | Lair:2   | Reached skill level 14 in Ranged Weapons
  9319 | Lair:2   | 9319 ||| FLEEEEING.
  9374 | Lair:2   | Found a staircase to the Swamp.
  9454 | Lair:2   | 9454 ||| READING scroll of enchant armour.
  9454 | Lair:2   | 9454 ||| ENCHANTING +1 helmet.
  9588 | Lair:2   | 9588 ||| READING scroll labelled HYPRUR YJIL.
  9589 | Lair:2   | 9589 ||| DRINKING 2 bubbling amethyst potions.
  9650 | Lair:3   | Received a gift from Okawaru
  9665 | Lair:3   | 9665 ||| RETREEEEATING.
  9720 | Lair:3   | 9720 ||| FLEEEEING.
  9796 | Lair:3   | Noticed a skyshark
  9797 | Lair:3   | 9797 ||| INVOKING Finesse.
  9808 | Lair:3   | Killed a skyshark
  9911 | Lair:3   | Found a staircase to the Snake Pit.
  9971 | Lair:3   | 9971 ||| RETREEEEATING.
  9984 | Lair:3   | 9984 ||| FLEEEEING.
 10300 | Lair:3   | 10300 ||| RETREEEEATING.
 10301 | Lair:3   | 10301 ||| RETREEEEATING.
 10302 | Lair:3   | 10302 ||| RETREEEEATING.
 10303 | Lair:3   | 10303 ||| RETREEEEATING.
 10304 | Lair:3   | 10304 ||| RETREEEEATING.
 10305 | Lair:3   | 10305 ||| RETREEEEATING.
 10306 | Lair:3   | 10306 ||| RETREEEEATING.
 10307 | Lair:3   | 10307 ||| RETREEEEATING.
 10308 | Lair:3   | 10308 ||| RETREEEEATING.
 10309 | Lair:3   | 10309 ||| RETREEEEATING.
 10311 | Lair:3   | 10311 ||| RETREEEEATING.
 10312 | Lair:3   | 10312 ||| RETREEEEATING.
 10313 | Lair:3   | 10313 ||| RETREEEEATING.
 10314 | Lair:3   | 10314 ||| RETREEEEATING.
 10315 | Lair:3   | 10315 ||| RETREEEEATING.
 10316 | Lair:3   | 10316 ||| RETREEEEATING.
 10317 | Lair:3   | 10317 ||| RETREEEEATING.
 10318 | Lair:3   | 10318 ||| RETREEEEATING.
 10319 | Lair:3   | 10319 ||| RETREEEEATING.
 10320 | Lair:3   | 10320 ||| RETREEEEATING.
 10321 | Lair:3   | 10321 ||| RETREEEEATING.
 10322 | Lair:3   | 10322 ||| RETREEEEATING.
 10323 | Lair:3   | 10323 ||| RETREEEEATING.
 10331 | Lair:3   | Reached skill level 15 in Ranged Weapons
 10342 | Lair:3   | 10342 ||| FLEEEEING.
 10934 | Lair:4   | Noticed a skyshark
 10935 | Lair:4   | 10935 ||| INVOKING Finesse.
 10940 | Lair:4   | Killed a skyshark
 10940 | Lair:4   | Received a gift from Okawaru
 11081 | Lair:4   | 11081 ||| FLEEEEING.
 11291 | Lair:4   | Noticed a death yak
 11297 | Lair:4   | Noticed a death yak
 11297 | Lair:4   | Noticed a death yak
 11298 | Lair:4   | 11298 ||| RETREEEEATING.
 11298 | Lair:4   | Noticed a death yak
 11299 | Lair:4   | 11299 ||| RETREEEEATING.
 11300 | Lair:4   | 11300 ||| INVOKING Finesse.
 11302 | Lair:4   | 11302 ||| RETREEEEATING.
 11303 | Lair:4   | 11303 ||| RETREEEEATING.
 11306 | Lair:4   | Killed a death yak
 11307 | Lair:4   | Reached XP level 13. HP: 70/82 MP: 12/18
 11379 | Lair:4   | Found a transporter.
 11380 | Lair:4   | Found a transporter.
 11862 | Lair:4   | 11862 ||| READING 6 scrolls of identify.
 11862 | Lair:4   | 11862 ||| IDENTIFYING amethyst potion
 11863 | Lair:4   | 11863 ||| DROPPING potion of ambrosia.
 11867 | Lair:5   | Entered Level 5 of the Lair of Beasts
 11868 | Lair:5   | Received a gift from Okawaru
 11874 | Lair:5   | 11874 ||| STAIRDANCE
 11878 | Lair:4   | Reached skill level 16 in Ranged Weapons
 11934 | Lair:5   | 11934 ||| RETREEEEATING.
 11935 | Lair:5   | 11935 ||| RETREEEEATING.
 11939 | Lair:5   | 11939 ||| RETREEEEATING.
 11940 | Lair:5   | 11940 ||| RETREEEEATING.
 11941 | Lair:5   | 11941 ||| RETREEEEATING.
 11942 | Lair:5   | 11942 ||| INVOKING Finesse.
 12026 | Lair:5   | Received a gift from Okawaru
 12027 | Lair:5   | Found a staircase to the Slime Pits.
 12127 | Lair:5   | 12127 ||| FLEEEEING.
 12261 | Lair:5   | 12261 ||| RETREEEEATING.
 12265 | Lair:5   | Reached skill level 17 in Ranged Weapons
 12276 | Lair:5   | Received a gift from Okawaru
 12301 | Lair:5   | 12301 ||| RETREEEEATING.
 12312 | Lair:5   | 12312 ||| RETREEEEATING.
 12313 | Lair:5   | 12313 ||| RETREEEEATING.
 12314 | Lair:5   | 12314 ||| RETREEEEATING.
 12315 | Lair:5   | 12315 ||| RETREEEEATING.
 12332 | Lair:5   | 12332 ||| FLEEEEING.
 12493 | Lair:5   | 12493 ||| RETREEEEATING.
 12494 | Lair:5   | 12494 ||| RETREEEEATING.
 12522 | Lair:5   | Identified the +1 robe "Roatin" {Fly rElec rC- rCorr}
 12767 | Lair:5   | Gained mutation: Your large and strong wings let you fly.
                  | [Gargoyle growth]
 12767 | Lair:5   | Reached XP level 14. HP: 90/90 MP: 19/19
 12831 | Lair:5   | Reached ****** piety under Okawaru
 12832 | Lair:5   | 12832 ||| INVOKING Receive Weapon.
 12832 | Lair:5   | 12832 ||| ACQUIRING +2 heavy orcbow
 12832 | Lair:5   | Acquired a +2 heavy orcbow
 12832 | Lair:5   | Received a gift from Okawaru
 12833 | Lair:5   | 12833 ||| INVOKING Receive Armour.
 12833 | Lair:5   | 12833 ||| ACQUIRING +2 pair of boots of Least Resistance
                  | {rC+ Str+2 Int-2}
 12833 | Lair:5   | Acquired the +2 pair of boots of Least Resistance {rC+
                  | Str+2 Int-2}
 12833 | Lair:5   | Received a gift from Okawaru
 12834 | Lair:5   | 12834 ||| DROPPING +1 robe "Roatin" {Fly rElec rC- rCorr}.
 12867 | Lair:5   | 12867 ||| FLEEEEING.
 12868 | Lair:5   | 12868 ||| FLEEEEING.
 12872 | Lair:5   | Received a gift from Okawaru
 12873 | Lair:5   | 12873 ||| FLEEEEING.
 12876 | Lair:5   | 12876 ||| FLEEEEING.
 12877 | Lair:5   | 12877 ||| FLEEEEING.
 12878 | Lair:5   | 12878 ||| FLEEEEING.
 12879 | Lair:5   | 12879 ||| FLEEEEING.
 12880 | Lair:5   | 12880 ||| FLEEEEING.
 12881 | Lair:5   | 12881 ||| FLEEEEING.
 12882 | Lair:5   | 12882 ||| FLEEEEING.
 12883 | Lair:5   | 12883 ||| FLEEEEING.
 12884 | Lair:5   | 12884 ||| FLEEEEING.
 12885 | Lair:5   | 12885 ||| FLEEEEING.
 12886 | Lair:5   | 12886 ||| FLEEEEING.
 12887 | Lair:5   | 12887 ||| FLEEEEING.
 12888 | Lair:5   | 12888 ||| FLEEEEING.
 12889 | Lair:5   | 12889 ||| FLEEEEING.
 12890 | Lair:5   | 12890 ||| FLEEEEING.
 12891 | Lair:5   | 12891 ||| FLEEEEING.
 12921 | Lair:5   | 12921 ||| READING scroll of brand weapon.
 12921 | Lair:5   | 12921 ||| BRANDING +3 longbow of flaming.
 13067 | Lair:5   | 13067 ||| PLANNING D:1-11
 13067 | Lair:5   | 13067 ||| UPGRADING to +2 pair of boots of Least Resistance
                  | {rC+ Str+2 Int-2}.
 13077 | Lair:5   | 13077 ||| DROPPING +0 pair of boots.
 13078 | Lair:5   | 13078 ||| READING 5 scrolls of identify.
 13078 | Lair:5   | 13078 ||| IDENTIFYING glowing yellow potion
 13203 | D:10     | Entered Level 10 of the Dungeon
 13243 | D:10     | Found a hide-covered altar of Uskayaw.
 13291 | D:10     | Noticed Maurice
 13295 | D:10     | 13295 ||| FLEEEEING.
 13298 | D:10     | 13298 ||| FLEEEEING.
 13299 | D:10     | 13299 ||| FLEEEEING.
 13300 | D:10     | 13300 ||| FLEEEEING.
 13386 | D:10     | Killed Maurice
 13876 | D:10     | 13876 ||| UPGRADING to +0 cloak.
 14115 | D:11     | Reached skill level 18 in Ranged Weapons
 14135 | D:11     | Found a staircase to the Orcish Mines.
 14209 | D:11     | Received a gift from Okawaru
 14493 | D:11     | 14493 ||| PLANNING D
 14493 | D:11     | 14493 ||| UPGRADING to amulet of the acrobat.
 14498 | D:11     | 14498 ||| DROPPING ring of protection from cold.
 14615 | D:12     | 14615 ||| FLEEEEING.
 14791 | D:12     | Reached skill level 12 in Fighting
 14791 | D:12     | 14791 ||| FLEEEEING.
 15020 | D:12     | Noticed Erolcha
 15025 | D:12     | Killed Erolcha
 15069 | D:12     | Reached skill level 6 in Armour
 15406 | D:12     | 15406 ||| READING 5 scrolls of identify.
 15406 | D:12     | 15406 ||| IDENTIFYING cyan potion
 15407 | D:12     | 15407 ||| READING 4 scrolls of identify.
 15407 | D:12     | 15407 ||| IDENTIFYING scroll labelled YFEKHL WUSA
 15408 | D:12     | 15408 ||| READING scroll of enchant weapon.
 15408 | D:12     | 15408 ||| ENCHANTING +3 longbow of freezing.
 15409 | D:12     | 15409 ||| DROPPING potion of degeneration.
 15473 | D:13     | Received a gift from Okawaru
 15746 | D:13     | 15746 ||| RETREEEEATING.
 15747 | D:13     | 15747 ||| RETREEEEATING.
 15748 | D:13     | 15748 ||| RETREEEEATING.
 15749 | D:13     | 15749 ||| RETREEEEATING.
 15750 | D:13     | 15750 ||| RETREEEEATING.
 15754 | D:13     | 15754 ||| RETREEEEATING.
 15759 | D:13     | Reached skill level 9 in Dodging
 15768 | D:13     | Noticed an ironbound thunderhulk
 15769 | D:13     | 15769 ||| INVOKING Finesse.
 15770 | D:13     | 15770 ||| INVOKING Heroism.
 15775 | D:13     | 15775 ||| ZAPPING wand of quicksilver (13) at -5,2
                  | (ironbound thunderhulk; floor).
 15776 | D:13     | 15776 ||| ZAPPING wand of quicksilver (12) at -4,2
                  | (ironbound thunderhulk; floor).
 15777 | D:13     | 15777 ||| ZAPPING wand of quicksilver (11) at -3,2
                  | (ironbound thunderhulk; floor).
 15778 | D:13     | 15778 ||| ZAPPING wand of quicksilver (10) at -2,1
                  | (ironbound thunderhulk; floor).
 15785 | D:13     | Killed an ironbound thunderhulk
 15840 | D:13     | Found a gate to the Vaults.
 16069 | D:13     | Received a gift from Okawaru
 16070 | D:13     | 16070 ||| RETREEEEATING.
 16071 | D:13     | 16071 ||| FLEEEEING.
 16072 | D:13     | 16072 ||| RETREEEEATING.
 16073 | D:13     | 16073 ||| RETREEEEATING.
 16074 | D:13     | 16074 ||| RETREEEEATING.
 16075 | D:13     | 16075 ||| RETREEEEATING.
 16076 | D:13     | 16076 ||| RETREEEEATING.
 16077 | D:13     | 16077 ||| RETREEEEATING.
 16078 | D:13     | 16078 ||| RETREEEEATING.
 16079 | D:13     | 16079 ||| RETREEEEATING.
 16080 | D:13     | 16080 ||| RETREEEEATING.
 16081 | D:13     | 16081 ||| RETREEEEATING.
 16199 | D:13     | Identified the +3 flail of Impermanence {vamp, *Noise
                  | +Blink rF++ Will+++}
 16211 | D:13     | 16211 ||| FLEEEEING.
 16252 | D:13     | Identified the +7 whip of Defilement {freeze, rC+}
 16619 | D:14     | 16619 ||| STAIRDANCE
 16625 | D:14     | 16625 ||| STAIRDANCE
 16671 | D:14     | Reached XP level 15. HP: 96/96 MP: 20/20
 16689 | D:14     | Noticed Josephine
 16693 | D:14     | Killed Josephine
 16819 | D:14     | Reached skill level 19 in Ranged Weapons
 16869 | D:14     | 16869 ||| RETREEEEATING.
 16872 | D:14     | 16872 ||| RETREEEEATING.
 16877 | D:14     | 16877 ||| RETREEEEATING.
 16886 | D:14     | 16886 ||| RETREEEEATING.
 16899 | D:14     | HP: 24/97 [mirror damage (8)]
 16901 | D:14     | Received a gift from Okawaru
 16902 | D:14     | 16902 ||| FLEEEEING.
 17478 | D:15     | Entered Level 15 of the Dungeon
 17598 | D:15     | 17598 ||| FLEEEEING.
 17599 | D:15     | 17599 ||| FLEEEEING.
 17603 | D:15     | 17603 ||| FLEEEEING.
 17604 | D:15     | 17604 ||| FLEEEEING.
 17605 | D:15     | 17605 ||| FLEEEEING.
 17606 | D:15     | 17606 ||| FLEEEEING.
 17607 | D:15     | 17607 ||| FLEEEEING.
 17608 | D:15     | 17608 ||| FLEEEEING.
 17609 | D:15     | 17609 ||| FLEEEEING.
 17610 | D:15     | 17610 ||| FLEEEEING.
 17611 | D:15     | 17611 ||| FLEEEEING.
 17612 | D:15     | 17612 ||| FLEEEEING.
 17702 | D:15     | Found a staircase to the Depths.
 17747 | D:15     | 17747 ||| READING 8 scrolls of teleportation.
 17820 | D:15     | Received a gift from Okawaru
 17904 | D:15     | Found a stormy altar of Qazlal.
 18176 | D:15     | 18176 ||| PLANNING ORC
 18176 | D:15     | 18176 ||| DROPPING +6 ring of intelligence.
 18259 | Orc:1    | Entered Level 1 of the Orcish Mines
 18262 | Orc:1    | 18262 ||| STAIRDANCE
 18267 | Orc:1    | Noticed Nergalle
 18268 | Orc:1    | 18268 ||| STAIRDANCE
 18278 | Orc:1    | 18278 ||| STAIRDANCE
 18291 | Orc:1    | Killed Nergalle
 18311 | Orc:1    | Found Biggeu Done's Jewellery Shop.
 18317 | Orc:1    | Reached skill level 20 in Ranged Weapons
 18356 | Orc:1    | Found Useonlagh's Armour Emporium.
 18362 | Orc:1    | Noticed Jorgrun
 18363 | Orc:1    | 18363 ||| INVOKING Finesse.
 18376 | Orc:1    | Killed Jorgrun
 18428 | Orc:1    | 18428 ||| BUYING +2 ring mail of fire resistance (336
                  | gold).
 18428 | Orc:1    | Bought a +2 ring mail of fire resistance for 336 gold
                  | pieces
 18456 | Orc:1    | 18456 ||| BUYING +5 ring of evasion (576 gold).
 18456 | Orc:1    | Bought a +5 ring of evasion for 576 gold pieces
 18456 | Orc:1    | 18456 ||| BUYING amulet of faith (640 gold).
 18456 | Orc:1    | Bought an amulet of faith for 640 gold pieces
 18456 | Orc:1    | 18456 ||| SHOPLISTING amulet of regeneration (480 gold,
                  | have 389).
 18478 | Orc:1    | Found Vurez's General Store.
 18486 | Orc:1    | 18486 ||| BUYING potion of heal wounds (70 gold).
 18486 | Orc:1    | Bought a potion of heal wounds for 70 gold pieces
 18486 | Orc:1    | 18486 ||| BUYING scroll of identify (28 gold).
 18486 | Orc:1    | Bought a scroll of identify for 28 gold pieces
 18486 | Orc:1    | 18486 ||| BUYING scroll of teleportation (42 gold).
 18486 | Orc:1    | Bought a scroll of teleportation for 42 gold pieces
 18552 | Orc:1    | Found Idihu's Antique Weapon Shoppe.
 18598 | Orc:1    | 18598 ||| UPGRADING to +2 ring mail of fire resistance.
 18608 | Orc:1    | 18608 ||| DROPPING +2 leather armour of fire resistance.
 18609 | Orc:1    | 18609 ||| UPGRADING to amulet of faith.
 18619 | Orc:1    | 18619 ||| UPGRADING to +5 ring of evasion.
 18621 | Orc:1    | 18621 ||| DROPPING +4 ring of slaying {mikee}.
 18634 | Orc:2    | Entered Level 2 of the Orcish Mines
 18637 | Orc:2    | 18637 ||| INVOKING Finesse.
 18660 | Orc:2    | 18660 ||| STAIRDANCE
 18684 | Orc:2    | 18684 ||| STAIRDANCE
 18690 | Orc:1    | Received a gift from Okawaru
 18733 | Orc:2    | 18733 ||| STAIRDANCE
 18747 | Orc:1    | 18747 ||| FLEEEEING.
 18844 | Orc:2    | Found a staircase to the Elven Halls.
 18881 | Orc:2    | Found a radiant altar of Vehumet.
 18939 | Orc:2    | Noticed an orc warlord
 18940 | Orc:2    | 18940 ||| ZAPPING wand of quicksilver (9) at 7,-2 (orc
                  | warlord; floor).
 18941 | Orc:2    | 18941 ||| INVOKING Finesse.
 18954 | Orc:2    | Killed an orc warlord
 19100 | Orc:2    | Reached skill level 9 in Armour
 19158 | Orc:2    | Reached XP level 16. HP: 99/104 MP: 21/21
 19170 | Orc:2    | 19170 ||| FLEEEEING.
 19270 | Orc:1    | Received a gift from Okawaru
 19294 | Orc:1    | 19294 ||| RETREEEEATING.
 19295 | Orc:1    | 19295 ||| RETREEEEATING.
 19296 | Orc:1    | 19296 ||| RETREEEEATING.
 19297 | Orc:1    | 19297 ||| RETREEEEATING.
 19298 | Orc:1    | 19298 ||| RETREEEEATING.
 19302 | Orc:1    | 19302 ||| RETREEEEATING.
 19303 | Orc:1    | 19303 ||| ZAPPING wand of quicksilver (8) at 4,5 (orc
                  | sorcerer; floor).
 19335 | Orc:1    | Found Iteor's Overcharged Wands.
 19348 | Orc:1    | 19348 ||| BUYING wand of digging (11) (693 gold).
 19348 | Orc:1    | Bought a wand of digging (11) for 693 gold pieces
 19348 | Orc:1    | 19348 ||| SHOPLISTING wand of digging (11) (693 gold, have
                  | 1).
 19348 | Orc:1    | 19348 ||| SHOPLISTING wand of polymorph (18) (378 gold,
                  | have 1).
 19348 | Orc:1    | 19348 ||| SHOPLISTING wand of quicksilver (18) (1134 gold,
                  | have 1).
 19484 | Orc:2    | Found Zeaprut's Assorted Antiques.
 19487 | Orc:2    | Found Rooceog's Distillery.
 19487 | Orc:2    | Found Zuadul's Distillery.
 19487 | Orc:2    | Found Osion's Weapon Emporium.
 19495 | Orc:2    | 19495 ||| BUYING potion of heal wounds (75 gold).
 19495 | Orc:2    | Bought a potion of heal wounds for 75 gold pieces
 19496 | Orc:2    | 19496 ||| SHOPLISTING potion of cancellation (104 gold,
                  | have 16).
 19496 | Orc:2    | 19496 ||| SHOPLISTING potion of heal wounds (65 gold, have
                  | 16).
 19496 | Orc:2    | 19496 ||| SHOPLISTING potion of mutation (104 gold, have
                  | 16).
 19498 | Orc:2    | 19498 ||| SHOPLISTING fuming purple potion (37 gold, have
                  | 16).
 19498 | Orc:2    | 19498 ||| SHOPLISTING potion of might (168 gold, have 16).
 19498 | Orc:2    | 19498 ||| SHOPLISTING scroll of identify (84 gold, have
                  | 16).
 19657 | Orc:2    | 19657 ||| Stepping randomly (disturbance).
 19658 | Orc:2    | 19658 ||| Stepping randomly (disturbance).
 19876 | Orc:2    | 19876 ||| PLANNING SNAKE:1-3
 20081 | Snake:1  | Entered Level 1 of the Snake Pit
 20082 | Snake:1  | 20082 ||| RETREEEEATING.
 20083 | Snake:1  | 20083 ||| RETREEEEATING.
 20084 | Snake:1  | 20084 ||| RETREEEEATING.
 20085 | Snake:1  | 20085 ||| RETREEEEATING.
 20086 | Snake:1  | 20086 ||| RETREEEEATING.
 20087 | Snake:1  | 20087 ||| INVOKING Finesse.
 20120 | Snake:1  | Received a gift from Okawaru
 20124 | Snake:1  | Noticed Nikola
 20137 | Snake:1  | Killed Nikola
 20283 | Snake:1  | Identified the serpent talisman of Lieqom {+Blink Str+4
                  | Dex-3 SInv}
 20283 | Snake:1  | Noticed Aizul
 20284 | Snake:1  | 20284 ||| INVOKING Finesse.
 20297 | Snake:1  | Killed Aizul
 20298 | Snake:1  | Reached skill level 15 in Fighting
 20388 | Snake:1  | 20388 ||| RETREEEEATING.
 20389 | Snake:1  | 20389 ||| RETREEEEATING.
 20390 | Snake:1  | 20390 ||| RETREEEEATING.
 20391 | Snake:1  | 20391 ||| RETREEEEATING.
 20393 | Snake:1  | 20393 ||| RETREEEEATING.
 20394 | Snake:1  | 20394 ||| RETREEEEATING.
 20395 | Snake:1  | 20395 ||| RETREEEEATING.
 20415 | Snake:1  | 20415 ||| FLEEEEING.
 20431 | Snake:1  | 20431 ||| FLEEEEING.
 20494 | Snake:1  | Received a gift from Okawaru
 20496 | Snake:1  | 20496 ||| RETREEEEATING.
 20864 | Snake:1  | 20864 ||| RETREEEEATING.
 20865 | Snake:1  | 20865 ||| RETREEEEATING.
 20866 | Snake:1  | 20866 ||| RETREEEEATING.
 20867 | Snake:1  | 20867 ||| RETREEEEATING.
 20868 | Snake:1  | 20868 ||| RETREEEEATING.
 20870 | Snake:1  | 20870 ||| RETREEEEATING.
 20871 | Snake:1  | 20871 ||| RETREEEEATING.
 20872 | Snake:1  | 20872 ||| RETREEEEATING.
 20873 | Snake:1  | 20873 ||| RETREEEEATING.
 20874 | Snake:1  | 20874 ||| RETREEEEATING.
 20877 | Snake:1  | 20877 ||| ZAPPING wand of quicksilver (7) at 2,-3 (naga
                  | mage; floor).
 20881 | Snake:1  | 20881 ||| RETREEEEATING.
 20898 | Snake:1  | 20898 ||| INVOKING Finesse.
 20899 | Snake:1  | Received a gift from Okawaru
 21072 | Snake:1  | 21072 ||| INVOKING Finesse.
 21134 | Snake:1  | 21134 ||| RETREEEEATING.
 21135 | Snake:1  | 21135 ||| RETREEEEATING.
 21548 | Snake:1  | 21548 ||| DROPPING +1 pair of boots.
 21549 | Snake:1  | 21549 ||| DROPPING +0 pair of boots of stealth.
 21550 | Snake:1  | 21550 ||| DROPPING amulet of the acrobat.
 21551 | Snake:1  | 21551 ||| DROPPING ring of ice.
 21552 | Snake:1  | 21552 ||| READING 7 scrolls of identify.
 21552 | Snake:1  | 21552 ||| IDENTIFYING fuming purple potion
 21606 | Snake:2  | Noticed a nagaraja
 21607 | Snake:2  | 21607 ||| INVOKING Finesse.
 21617 | Snake:2  | Killed a nagaraja
 21719 | Snake:2  | Identified the +1 helmet "Fanniott" {Fly Regen+ Str+4}
 21853 | Snake:2  | Found a broken altar of Ashenzari.
 21934 | Snake:2  | Received a gift from Okawaru
 22012 | Snake:2  | Reached XP level 17. HP: 111/115 MP: 22/22
 22436 | Snake:2  | 22436 ||| UPGRADING to +1 helmet "Fanniott" {Fly Regen+
                  | Str+4}.
 22446 | Snake:2  | 22446 ||| DROPPING +2 helmet.
 22469 | Snake:3  | 22469 ||| STAIRDANCE
 22485 | Snake:3  | 22485 ||| STAIRDANCE
 22492 | Snake:3  | 22492 ||| STAIRDANCE
 22501 | Snake:3  | 22501 ||| STAIRDANCE
 22509 | Snake:3  | 22509 ||| STAIRDANCE
 22517 | Snake:3  | 22517 ||| STAIRDANCE
 22520 | Snake:2  | 22520 ||| INVOKING Finesse.
 22556 | Snake:3  | 22556 ||| STAIRDANCE
 22588 | Snake:3  | Noticed Azrael
 22591 | Snake:3  | Killed Azrael
 22600 | Snake:3  | Received a gift from Okawaru
 22690 | Snake:3  | Identified the +2 rapier of the Healing Coward {flame, rF-
                  | Str+7 Dex+4}
 22697 | Snake:3  | 22697 ||| RETREEEEATING.
 22759 | Snake:3  | 22759 ||| INVOKING Finesse.
 22820 | Snake:3  | Noticed Agnes
 22828 | Snake:3  | Killed Agnes
 22837 | Snake:3  | 22837 ||| FLEEEEING.
 22922 | Snake:3  | 22922 ||| RETREEEEATING.
 22928 | Snake:3  | 22928 ||| RETREEEEATING.
 22929 | Snake:3  | Noticed Vashnia
 22930 | Snake:3  | 22930 ||| ZAPPING wand of quicksilver (6) at 3,7 (Vashnia;
                  | shallow_water).
 22931 | Snake:3  | 22931 ||| ZAPPING wand of quicksilver (5) at 3,7 (Vashnia;
                  | shallow_water).
 22932 | Snake:3  | 22932 ||| ZAPPING wand of quicksilver (4) at 3,6 (Vashnia;
                  | shallow_water).
 22933 | Snake:3  | 22933 ||| INVOKING Finesse.
 22939 | Snake:3  | Received a gift from Okawaru
 22971 | Snake:3  | Killed Vashnia
 23041 | Snake:3  | 23041 ||| RETREEEEATING.
 23057 | Snake:3  | 23057 ||| FLEEEEING.
 23058 | Snake:3  | 23058 ||| FLEEEEING.
 23071 | Snake:3  | 23071 ||| INVOKING Finesse.
 23284 | Snake:3  | 23284 ||| ZAPPING wand of quicksilver (3) at 5,-7 (naga
                  | mage; floor).
 23285 | Snake:3  | 23285 ||| INVOKING Finesse.
 23347 | Snake:3  | Reached skill level 12 in Dodging
 23379 | Snake:3  | 23379 ||| RETREEEEATING.
 23380 | Snake:3  | 23380 ||| RETREEEEATING.
 23381 | Snake:3  | 23381 ||| RETREEEEATING.
 23382 | Snake:3  | 23382 ||| RETREEEEATING.
 23383 | Snake:3  | 23383 ||| RETREEEEATING.
 23385 | Snake:3  | Received a gift from Okawaru
 23508 | Snake:3  | 23508 ||| RETREEEEATING.
 23509 | Snake:3  | 23509 ||| RETREEEEATING.
 23722 | Snake:3  | 23722 ||| PLANNING SWAMP:1-3
 23722 | Snake:3  | 23722 ||| DROPPING +2 ring mail of poison resistance.
 23895 | Swamp:1  | Entered Level 1 of the Swamp
 23952 | Swamp:1  | Reached skill level 18 in Fighting
 24102 | Swamp:1  | Found a glacial archway.
 24154 | Swamp:1  | Found a runed translucent door.
 24154 | Swamp:1  | Found a shimmering altar of Xom.
 24154 | Swamp:1  | Noticed qw's ghost (adept GrHu)
 24470 | Swamp:2  | Received a gift from Okawaru
 24543 | Swamp:2  | Reached XP level 18. HP: 125/125 MP: 22/22
 24681 | Swamp:2  | Reached skill level 12 in Armour
 24756 | Swamp:2  | 24756 ||| RETREEEEATING.
 24757 | Swamp:2  | 24757 ||| RETREEEEATING.
 24761 | Swamp:2  | 24761 ||| RETREEEEATING.
 24762 | Swamp:2  | 24762 ||| RETREEEEATING.
 24763 | Swamp:2  | 24763 ||| FLEEEEING.
 24764 | Swamp:2  | 24764 ||| RETREEEEATING.
 24784 | Swamp:2  | 24784 ||| FLEEEEING.
 24802 | Swamp:2  | 24802 ||| FLEEEEING.
 24803 | Swamp:2  | 24803 ||| FLEEEEING.
 24809 | Swamp:2  | 24809 ||| STAIRDANCE
 24839 | Swamp:1  | 24839 ||| UPGRADING to scarf of repulsion.
 24849 | Swamp:1  | 24849 ||| DROPPING wand of mindburst (23).
 24885 | Swamp:2  | 24885 ||| FLEEEEING.
 24886 | Swamp:2  | 24886 ||| FLEEEEING.
 24890 | Swamp:2  | 24890 ||| FLEEEEING.
 24891 | Swamp:2  | 24891 ||| FLEEEEING.
 24892 | Swamp:2  | 24892 ||| FLEEEEING.
 24893 | Swamp:2  | 24893 ||| FLEEEEING.
 24899 | Swamp:2  | 24899 ||| FLEEEEING.
 24903 | Swamp:2  | 24903 ||| FLEEEEING.
 24904 | Swamp:2  | 24904 ||| FLEEEEING.
 24905 | Swamp:2  | 24905 ||| STAIRDANCE
 25211 | Swamp:3  | 25211 ||| RETREEEEATING.
 25213 | Swamp:3  | 25213 ||| RETREEEEATING.
 25215 | Swamp:3  | 25215 ||| RETREEEEATING.
 25220 | Swamp:3  | 25220 ||| RETREEEEATING.
 25222 | Swamp:3  | 25222 ||| RETREEEEATING.
 25223 | Swamp:3  | 25223 ||| RETREEEEATING.
 25224 | Swamp:3  | 25224 ||| RETREEEEATING.
 25225 | Swamp:3  | 25225 ||| RETREEEEATING.
 25226 | Swamp:3  | 25226 ||| RETREEEEATING.
 25227 | Swamp:3  | 25227 ||| RETREEEEATING.
 25251 | Swamp:3  | Received a gift from Okawaru
 25273 | Swamp:3  | 25273 ||| FLEEEEING.
 25284 | Swamp:3  | Noticed Donald
 25286 | Swamp:3  | 25286 ||| INVOKING Finesse.
 25290 | Swamp:3  | Killed Donald
 25394 | Swamp:3  | Identified the +6 dagger of the Fulmar {drain, Will+}
 25467 | Swamp:3  | Identified the granite talisman of Incorporation {+Blink
                  | rF- Dex+4}
 25467 | Swamp:3  | Noticed Roxanne
 25467 | Swamp:3  | Paralysed by a fenstrider witch for 2 turns
 25474 | Swamp:3  | 25474 ||| FLEEEEING.
 25520 | Swamp:3  | Killed Roxanne
 25696 | Swamp:3  | 25696 ||| PLANNING SNAKE:4
 25696 | Swamp:3  | 25696 ||| READING 9 scrolls of identify.
 25696 | Swamp:3  | 25696 ||| IDENTIFYING scroll labelled GEAFRI BUHEH
 25697 | Swamp:3  | 25697 ||| DROPPING scroll of summoning.
 25919 | Snake:4  | Entered Level 4 of the Snake Pit
 25920 | Snake:4  | 25920 ||| INVOKING Finesse.
 25922 | Snake:4  | 25922 ||| STAIRDANCE
 25951 | Snake:4  | 25951 ||| STAIRDANCE
 25954 | Snake:4  | 25954 ||| STAIRDANCE
 25971 | Snake:4  | 25971 ||| STAIRDANCE
 25977 | Snake:4  | 25977 ||| STAIRDANCE
 25990 | Snake:4  | 25990 ||| STAIRDANCE
 25997 | Snake:4  | 25997 ||| STAIRDANCE
 26001 | Snake:3  | 26001 ||| FLEEEEING.
 26047 | Snake:4  | 26047 ||| READING scroll of enchant weapon.
 26047 | Snake:4  | 26047 ||| ENCHANTING +4 longbow of freezing.
 26113 | Snake:4  | Received a gift from Okawaru
 26171 | Snake:4  | 26171 ||| INVOKING Finesse.
 26214 | Snake:4  | Found Niwyo's Armour Boutique.
 26216 | Snake:4  | Found Niungoc's General Store.
 26224 | Snake:4  | 26224 ||| BUYING scarf of resistance (480 gold).
 26224 | Snake:4  | Bought a scarf of resistance for 480 gold pieces
 26230 | Snake:4  | 26230 ||| BUYING 2 scrolls of identify (52 gold).
 26230 | Snake:4  | Bought 2 scrolls of identify for 52 gold pieces
 26376 | Snake:4  | 26376 ||| RETREEEEATING.
 26380 | Snake:4  | Received a gift from Okawaru
 26609 | Snake:4  | 26609 ||| RETREEEEATING.
 26611 | Snake:4  | 26611 ||| RETREEEEATING.
 26612 | Snake:4  | 26612 ||| RETREEEEATING.
 26613 | Snake:4  | 26613 ||| RETREEEEATING.
 26614 | Snake:4  | 26614 ||| RETREEEEATING.
 26615 | Snake:4  | 26615 ||| RETREEEEATING.
 26616 | Snake:4  | 26616 ||| RETREEEEATING.
 26623 | Snake:4  | 26623 ||| ZAPPING wand of quicksilver (2) at 1,2 (nagaraja;
                  | floor).
 26628 | Snake:4  | 26628 ||| ZAPPING wand of quicksilver (1) at 1,2 (nagaraja;
                  | floor).
 26676 | Snake:4  | 26676 ||| INVOKING Finesse.
 26720 | Snake:4  | 26720 ||| FLEEEEING.
 26725 | Snake:4  | 26725 ||| STAIRDANCE
 26729 | Snake:3  | 26729 ||| READING 10 scrolls of identify.
 26729 | Snake:3  | 26729 ||| IDENTIFYING scroll labelled VYOWETH ZEER
 26730 | Snake:3  | 26730 ||| DROPPING scroll of fog.
 26779 | Snake:4  | 26779 ||| RETREEEEATING.
 26781 | Snake:4  | 26781 ||| RETREEEEATING.
 26782 | Snake:4  | 26782 ||| RETREEEEATING.
 26784 | Snake:4  | 26784 ||| RETREEEEATING.
 26785 | Snake:4  | 26785 ||| RETREEEEATING.
 26786 | Snake:4  | 26786 ||| RETREEEEATING.
 26787 | Snake:4  | 26787 ||| RETREEEEATING.
 26788 | Snake:4  | 26788 ||| RETREEEEATING.
 26789 | Snake:4  | 26789 ||| RETREEEEATING.
 26820 | Snake:4  | Received a gift from Okawaru
 26854 | Snake:4  | Reached XP level 19. HP: 133/133 MP: 23/23
 26859 | Snake:4  | 26859 ||| INVOKING Finesse.
 26919 | Snake:4  | Got a serpentine rune of Zot
 26945 | Snake:4  | 26945 ||| INVOKING Finesse.
 27099 | Snake:4  | 27099 ||| PLANNING VAULTS:1-4
 27459 | Vaults:1 | Entered Level 1 of the Vaults
 27547 | Vaults:1 | 27547 ||| FLEEEEING.
 27548 | Vaults:1 | 27548 ||| FLEEEEING.
 27549 | Vaults:1 | 27549 ||| FLEEEEING.
 27550 | Vaults:1 | 27550 ||| FLEEEEING.
 27551 | Vaults:1 | 27551 ||| FLEEEEING.
 27552 | Vaults:1 | 27552 ||| FLEEEEING.
 27553 | Vaults:1 | 27553 ||| FLEEEEING.
 27554 | Vaults:1 | 27554 ||| FLEEEEING.
 27559 | Vaults:1 | 27559 ||| FLEEEEING.
 27560 | Vaults:1 | 27560 ||| FLEEEEING.
 27561 | Vaults:1 | 27561 ||| FLEEEEING.
 27562 | Vaults:1 | 27562 ||| FLEEEEING.
 27563 | Vaults:1 | 27563 ||| FLEEEEING.
 27564 | Vaults:1 | 27564 ||| FLEEEEING.
 27565 | Vaults:1 | 27565 ||| FLEEEEING.
 27566 | Vaults:1 | 27566 ||| FLEEEEING.
 27567 | Vaults:1 | 27567 ||| FLEEEEING.
 27568 | Vaults:1 | 27568 ||| FLEEEEING.
 27574 | Vaults:1 | 27574 ||| FLEEEEING.
 27575 | Vaults:1 | 27575 ||| FLEEEEING.
 27576 | Vaults:1 | 27576 ||| FLEEEEING.
 27582 | Vaults:1 | 27582 ||| FLEEEEING.
 27583 | Vaults:1 | 27583 ||| FLEEEEING.
 27584 | Vaults:1 | 27584 ||| FLEEEEING.
 27587 | Vaults:1 | 27587 ||| STAIRDANCE
 27694 | D:13     | 27694 ||| DROPPING +0 cloak.
 27790 | Vaults:1 | 27790 ||| RETREEEEATING.
 27791 | Vaults:1 | 27791 ||| RETREEEEATING.
 27795 | Vaults:1 | 27795 ||| RETREEEEATING.
 27796 | Vaults:1 | 27796 ||| RETREEEEATING.
 27797 | Vaults:1 | 27797 ||| RETREEEEATING.
 27798 | Vaults:1 | 27798 ||| RETREEEEATING.
 27799 | Vaults:1 | 27799 ||| RETREEEEATING.
 27800 | Vaults:1 | 27800 ||| INVOKING Finesse.
 27835 | Vaults:1 | Received a gift from Okawaru
 27875 | Vaults:1 | 27875 ||| FLEEEEING.
 27900 | Vaults:1 | 27900 ||| FLEEEEING.
 27998 | Vaults:1 | 27998 ||| DRINKING 12 potions of curing.
 27998 | Vaults:1 | 27998 ||| (to cure confusion)
 28381 | Vaults:1 | Found Ehept's Distillery.
 28393 | Vaults:1 | 28393 ||| BUYING 2 potions of enlightenment (150 gold).
 28393 | Vaults:1 | Bought 2 potions of enlightenment for 150 gold pieces
 28393 | Vaults:1 | 28393 ||| BUYING potion of curing (45 gold).
 28393 | Vaults:1 | Bought a potion of curing for 45 gold pieces
 28393 | Vaults:1 | 28393 ||| BUYING potion of curing (45 gold).
 28393 | Vaults:1 | Bought a potion of curing for 45 gold pieces
 28393 | Vaults:1 | 28393 ||| BUYING potion of haste (150 gold).
 28393 | Vaults:1 | Bought a potion of haste for 150 gold pieces
 28393 | Vaults:1 | 28393 ||| BUYING potion of heal wounds (75 gold).
 28393 | Vaults:1 | Bought a potion of heal wounds for 75 gold pieces
 28393 | Vaults:1 | 28393 ||| SHOPLISTING potion of might (60 gold, have 32).
 28836 | Vaults:2 | Reached skill level 21 in Fighting
 28862 | Vaults:2 | 28862 ||| RETREEEEATING.
 28863 | Vaults:2 | 28863 ||| RETREEEEATING.
 28878 | Vaults:2 | 28878 ||| INVOKING Finesse.
 28947 | Vaults:2 | Received a gift from Okawaru
 28964 | Vaults:2 | Paralysed by a vampire knight for 4 turns
 28973 | Vaults:2 | HP: 31/137 [something (4)]
 28974 | Vaults:2 | 28974 ||| READING 13 scrolls of teleportation.
 28975 | Vaults:2 | 28975 ||| DRINKING 9 potions of heal wounds.
 28976 | Vaults:2 | 28976 ||| DRINKING 8 potions of heal wounds.
 28978 | Vaults:2 | 28978 ||| DRINKING 7 potions of heal wounds.
 29112 | Vaults:2 | Paralysed by a sphinx for 2 turns
 29118 | Vaults:2 | 29118 ||| DRINKING 14 potions of curing.
 29118 | Vaults:2 | 29118 ||| (to cure confusion)
 29254 | Vaults:2 | 29254 ||| SWAPPING to +0 hand cannon.
 29255 | Vaults:2 | 29255 ||| DROPPING +5 longbow of freezing.
 29283 | Vaults:2 | 29283 ||| FLEEEEING.
 29285 | Vaults:2 | 29285 ||| STAIRDANCE
 29313 | Vaults:2 | 29313 ||| INVOKING Finesse.
 29347 | Vaults:2 | Found a runed translucent door.
 29385 | Vaults:2 | Found a staircase to the Crypt.
 29601 | Vaults:2 | 29601 ||| INVOKING Finesse.
 29615 | Vaults:2 | Paralysed by something for 5 turns
 29881 | Vaults:2 | Noticed qw's ghost (adept GrHu)
 29924 | Vaults:3 | 29924 ||| RETREEEEATING.
 29932 | Vaults:3 | 29932 ||| FLEEEEING.
 29933 | Vaults:3 | 29933 ||| FLEEEEING.
 29934 | Vaults:3 | 29934 ||| STAIRDANCE
 30108 | Vaults:3 | 30108 ||| STAIRDANCE
 30123 | Vaults:2 | 30123 ||| FLEEEEING.
 30208 | Vaults:3 | 30208 ||| STAIRDANCE
 30389 | Vaults:3 | 30389 ||| STAIRDANCE
 30391 | Vaults:2 | 30391 ||| FLEEEEING.
 30480 | Vaults:3 | Noticed Margery
 30481 | Vaults:3 | 30481 ||| DRINKING 3 potions of resistance.
 30485 | Vaults:3 | 30485 ||| INVOKING Finesse.
 30486 | Vaults:3 | Noticed a hellephant
 30501 | Vaults:3 | Killed Margery
 30515 | Vaults:3 | 30515 ||| RETREEEEATING.
 30516 | Vaults:3 | 30516 ||| RETREEEEATING.
 30517 | Vaults:3 | 30517 ||| RETREEEEATING.
 30518 | Vaults:3 | 30518 ||| RETREEEEATING.
 30519 | Vaults:3 | 30519 ||| RETREEEEATING.
 30520 | Vaults:3 | 30520 ||| INVOKING Heroism.
 30539 | Vaults:3 | HP: 28/137 [vault warden/+0 great sword (13)]
 30540 | Vaults:3 | 30540 ||| READING 13 scrolls of teleportation.
 30541 | Vaults:3 | 30541 ||| DRINKING 7 potions of heal wounds.
 30734 | Vaults:3 | Received a gift from Okawaru
 30755 | Vaults:3 | 30755 ||| INVOKING Finesse.
 30774 | Vaults:3 | 30774 ||| DRINKING 2 potions of resistance.
 30806 | Vaults:3 | Killed a hellephant
 30807 | Vaults:3 | Reached skill level 21 in Ranged Weapons
 31045 | Vaults:3 | 31045 ||| FLEEEEING.
 31100 | Vaults:3 | Identified the +1 orcbow "Cuowna" {flame, rN+ Will- Int+4}
 31174 | Vaults:3 | Reached XP level 20. HP: 103/144 MP: 24/24
 31177 | Vaults:3 | 31177 ||| FLEEEEING.
 31262 | Vaults:3 | 31262 ||| FLEEEEING.
 31263 | Vaults:3 | 31263 ||| FLEEEEING.
 31293 | Vaults:3 | 31293 ||| FLEEEEING.
 31701 | Vaults:3 | 31701 ||| FLEEEEING.
 31883 | Vaults:3 | Found a runed translucent gate.
 31883 | Vaults:3 | Found a runed translucent gate.
 31883 | Vaults:3 | Found an ancient bone altar of Kikubaaqudgha.
 31883 | Vaults:3 | Found a runed translucent gate.
 31883 | Vaults:3 | Noticed a dread lich
 31884 | Vaults:3 | Noticed qw's ghost (adept GrHu)
 31984 | Vaults:3 | 31984 ||| RETREEEEATING.
 31985 | Vaults:3 | 31985 ||| RETREEEEATING.
 31986 | Vaults:3 | 31986 ||| RETREEEEATING.
 31987 | Vaults:3 | 31987 ||| RETREEEEATING.
 31990 | Vaults:3 | 31990 ||| RETREEEEATING.
 32001 | Vaults:3 | 32001 ||| DRINKING 4 potions of cancellation.
 32053 | Vaults:3 | 32053 ||| FLEEEEING.
 32126 | Vaults:3 | 32126 ||| FLEEEEING.
 32130 | Vaults:3 | 32130 ||| STAIRDANCE
 32526 | Vaults:3 | 32526 ||| DROPPING +1 pair of gloves.
 32533 | Vaults:4 | 32533 ||| STAIRDANCE
 32535 | Vaults:3 | 32535 ||| DRINKING 14 potions of curing.
 32535 | Vaults:3 | 32535 ||| (to cure confusion)
 32542 | Vaults:3 | 32542 ||| FLEEEEING.
 32565 | Vaults:4 | 32565 ||| STAIRDANCE
 32567 | Vaults:3 | 32567 ||| RETREEEEATING.
 32568 | Vaults:3 | 32568 ||| RETREEEEATING.
 32569 | Vaults:3 | 32569 ||| RETREEEEATING.
 32570 | Vaults:3 | 32570 ||| RETREEEEATING.
 32571 | Vaults:3 | 32571 ||| INVOKING Finesse.
 32577 | Vaults:3 | 32577 ||| DRINKING 13 potions of curing.
 32577 | Vaults:3 | 32577 ||| (to cure confusion)
 32586 | Vaults:3 | 32586 ||| DRINKING 3 potions of cancellation.
 32592 | Vaults:3 | 32592 ||| INVOKING Heroism.
 32594 | Vaults:3 | 32594 ||| INVOKING Finesse.
 32604 | Vaults:3 | Killed a dread lich
 32621 | Vaults:3 | HP: 24/144 [ironbound convoker/+0 great mace (14)]
 32622 | Vaults:3 | 32622 ||| READING 12 scrolls of teleportation.
 32623 | Vaults:3 | 32623 ||| DRINKING 6 potions of heal wounds.
 32657 | Vaults:3 | 32657 ||| FLEEEEING.
 32747 | Vaults:3 | Reached skill level 22 in Ranged Weapons
 32762 | Vaults:3 | 32762 ||| FLEEEEING.
 32764 | Vaults:3 | HP: 33/144 [something/bolt of cold (23)]
 32773 | Vaults:3 | 32773 ||| FLEEEEING.
 32782 | Vaults:3 | 32782 ||| STAIRDANCE
 32984 | Vaults:4 | 32984 ||| RETREEEEATING.
 32985 | Vaults:4 | 32985 ||| RETREEEEATING.
 32986 | Vaults:4 | 32986 ||| RETREEEEATING.
 32987 | Vaults:4 | 32987 ||| RETREEEEATING.
 32988 | Vaults:4 | 32988 ||| RETREEEEATING.
 32989 | Vaults:4 | 32989 ||| RETREEEEATING.
 32990 | Vaults:4 | 32990 ||| RETREEEEATING.
 32991 | Vaults:4 | 32991 ||| RETREEEEATING.
 32992 | Vaults:4 | 32992 ||| RETREEEEATING.
 32993 | Vaults:4 | 32993 ||| RETREEEEATING.
 33003 | Vaults:4 | Received a gift from Okawaru
 33015 | Vaults:4 | 33015 ||| FLEEEEING.
 33023 | Vaults:4 | 33023 ||| STAIRDANCE
 33105 | Vaults:4 | 33105 ||| STAIRDANCE
 33125 | Vaults:4 | 33125 ||| RETREEEEATING.
 33126 | Vaults:4 | 33126 ||| RETREEEEATING.
 33127 | Vaults:4 | 33127 ||| RETREEEEATING.
 33128 | Vaults:4 | 33128 ||| RETREEEEATING.
 33129 | Vaults:4 | 33129 ||| RETREEEEATING.
 33130 | Vaults:4 | 33130 ||| RETREEEEATING.
 33131 | Vaults:4 | 33131 ||| RETREEEEATING.
 33138 | Vaults:4 | 33138 ||| INVOKING Finesse.
 33260 | Vaults:4 | 33260 ||| RETREEEEATING.
 33261 | Vaults:4 | 33261 ||| RETREEEEATING.
 33262 | Vaults:4 | 33262 ||| RETREEEEATING.
 33263 | Vaults:4 | 33263 ||| RETREEEEATING.
 33264 | Vaults:4 | 33264 ||| RETREEEEATING.
 33265 | Vaults:4 | 33265 ||| RETREEEEATING.
 33266 | Vaults:4 | 33266 ||| RETREEEEATING.
 33267 | Vaults:4 | 33267 ||| RETREEEEATING.
 33268 | Vaults:4 | 33268 ||| RETREEEEATING.
 33269 | Vaults:4 | 33269 ||| RETREEEEATING.
 33270 | Vaults:4 | 33270 ||| RETREEEEATING.
 33271 | Vaults:4 | 33271 ||| RETREEEEATING.
 33272 | Vaults:4 | 33272 ||| RETREEEEATING.
 33279 | Vaults:4 | 33279 ||| RETREEEEATING.
 33280 | Vaults:4 | 33280 ||| RETREEEEATING.
 33281 | Vaults:4 | 33281 ||| RETREEEEATING.
 33282 | Vaults:4 | 33282 ||| RETREEEEATING.
 33283 | Vaults:4 | 33283 ||| RETREEEEATING.
 33284 | Vaults:4 | 33284 ||| RETREEEEATING.
 33287 | Vaults:4 | 33287 ||| RETREEEEATING.
 33288 | Vaults:4 | 33288 ||| RETREEEEATING.
 33289 | Vaults:4 | 33289 ||| RETREEEEATING.
 33290 | Vaults:4 | 33290 ||| RETREEEEATING.
 33291 | Vaults:4 | 33291 ||| RETREEEEATING.
 33300 | Vaults:4 | 33300 ||| FLEEEEING.
 33316 | Vaults:4 | Demolished by an enormous slime creature

Levels and vault maps discovered:
D:1:      roadster_arrival_rocket_large, layout_rooms, skrybe_limestone_x
D:2:      layout_basic, nicolae_ecumenical_pavilion, uniq_robin
D:3:      minmay_bubble_buster, layout_loops_ring, guppyfry_early_orc_mine
D:4:      corexii_shantytown, layout_basic, okawaru_gym_becter,
          lemuel_crystal_altar, amcnicky_altar_gilded, portal_sewer_entry_a,
          uniq_ijyb
D:5:      layout_basic, lemuel_zombie_altar_kikubaaqudgha, lemuel_round_altar,
          minmay_temple_entry_junction_2
D:6:      layout_basic, nicolae_overflow_crystal_walls, uniq_sigmund,
          uniq_blork_the_orc, uniq_menkaure
D:7:      layout_cave_pools, kennysheep_mini_moat
D:8:      layout_loops_ring, fedhas_ov_isle_minmay,
          mainiacjoe_overflow_alcove_4, nicolae_wu_jian_wuxing_cycle, uniq_erica
D:9:      layout_loops_ring, nzn_hepliaklqana_mist_gate, minmay_lair_entry_grove
D:10:     layout_long_grid, mainiacjoe_overflow_chevrons, uniq_maurice
D:11:     layout_roguey, orc_0_dummy, dreamdust_princess_bridge
D:12:     layout_loops_corners, uniq_erolcha
D:13:     hellmonk_crumbling_castle, layout_basic, hellmonk_vaults_keyhole,
          minmay_mirror_moons_of_madness
D:14:     kennysheep_ambush_hall, layout_long_grid, minmay_misc_feat_doors,
          grunt_ministairs_15, uniq_josephine
D:15:     grunt_enter_depths_giant_problem, layout_irregular_city,
          nicolae_qazlal_eye_of_the_storm
Lair:1:   layout_chaotic_city, grunt_forest_large_clearing_hut
Lair:2:   layout_roguey, mainiacjoe_swamp_entry_angry_trees,
          serial_bayou_crossing, serial_bayou_shore_a, lemuel_fruit_fields
Lair:3:   layout_cellular_growth, alex1729_snake_entry_snake,
          grunt_megastairs_1, serial_bayou_shore_b
Lair:4:   gammafunk_boulding_lane, layout_loops_ring
Lair:5:   evilmike_catoblepas_cave, layout_regular_city,
          nicolae_slime_entry_slimehenge, grunt_megastairs_5,
          infiniplex_staircase_pool
Swamp:1:  layout_falls_marsh, ebering_ghost_xom,
          portal_ice_cave_entry_pillars_1, serial_swamp_ruin,
          evilmike_swamp_ruin_rubble_2, evilmike_swamp_ruin_house_5,
          infiniplex_staircase_pool_2
Swamp:2:  layout_basic_swamp, evilmike_swamp_ruin_house_2, swamp_pool_5,
          nzn_swamp_dancing_lights
Swamp:3:  layout_basic_swamp, evilmike_swamp_ruin_rubble_1, uniq_roxanne,
          uniq_donald
Snake:1:  layout_chambers, st_stairs_5, nicolae_snake_storage_room, uniq_nikola,
          uniq_aizul
Snake:2:  layout_concentric_octagons, basic_altar
Snake:3:  layout_basic, serial_bayou, serial_bayou_lake_a,
          serial_bayou_lagoon_a, serial_bayou_pond_d, serial_bayou_pond_d,
          beargit_elvish_explorers, uniq_azrael, uniq_agnes, uniq_vashnia
Snake:4:  grunt_snake_rune_pools, layout_cave_town, minmay_shoptagon
Orc:1:    layout_caves, serial_shops, nicolae_shop_tiny_glass, shop, shop,
          nicolae_shop_behind_doors, nicolae_shop_overcharged_wands,
          uniq_jorgrun, uniq_nergalle
Orc:2:    st_orc_ogre_mass, layout_caves, basic_altar
Vaults:1: v_misc_1, nicolae_vaults_what_the_h, v_misc_26, v_misc_24,
          ontoclasm_vaults_twist, vaults_room_fours, grunt_vaults_funnel,
          nicolae_vaults_little_squares_6, layout_vaults_quadrants,
          serial_shops, nicolae_shop_industrial_runoff
Vaults:2: ebering_ghost_reflecting_pool, v_alt_pattern_4,
          minmay_crypt_entry_simple_box, nicolae_vaults_swerve,
          vaults_room_door_ring, nicolae_vaults_tetromino_T_1,
          nicolae_vaults_sealed_display, nicolae_vaults_trapezoid_layered,
          vaults_room_stairs_pillars, nicolae_vaults_tetromino_Z_1,
          ontoclasm_vaults_hangar, nicolae_vaults_variable_pillar_hall,
          nicolae_vaults_trapezoid_lopsided_1, vaults_dpeg_emergency_exit,
          layout_vaults_omnibox
Vaults:3: gammafunk_ghost_crypt, v_misc_29, ontoclasm_vaults_water_temple,
          v_misc_8, v_pattern_5, serial_library_hellmonk_big_corner,
          layout_vaults_chaotic_city, uniq_margery
Vaults:4: vaults_mumra_hex, nicolae_vaults_halls_meeting, v_rooms_4,
          vaults_mumra_chevron_long, v_misc_3, grunt_vaults_swirl,
          nicolae_vaults_twisting_passages, vaults_room_stairs_pillars,
          nicolae_vaults_little_squares_5, nicolae_vaults_tetromino_Z_2,
          vaults_mumra_hexcomb, layout_vaults_ring, uniq_saint_roka

Skill      XL: |  1  2  3  4  5  6  7  8  9 10 11 12 13 14 15 16 17 18 19 20 |
---------------+-------------------------------------------------------------+-----
Ranged Weapons | 5 6 7 8 9 11 12 13 15 17 18 20 21 22 | 22.4
Fighting       | 3 4 5 6 7 8 9 10 11 12 13 16 18 19 21 | 21.0
Dodging        | 2 3 4 5 6 7 8 9 10 12 14 | 14.5
Armour         | 1 2 3 4 5 6 9 10 11 12 | 12.0
Invocations    | 3 4 5 9 10 | 10.0
Stealth        | |  1.1

Action                     |  1- 3 |  4- 6 |  7- 9 | 10-12 | 13-15 | 16-18 | 19-21 || total
---------------------------+-------+-------+-------+-------+-------+-------+-------++-------
   Fire: Shortbow          |    96 |   262 |   288 |   174 |       |       |       ||   820
         Longbow           |       |       |       |   278 |   874 |  1404 |   340 ||  2896
         Hand cannon       |       |       |       |       |       |       |   614 ||   614
 Invoke: Heroism           |       |       |     2 |     2 |     1 |       |     2 ||     7
         Finesse           |       |       |       |     7 |     5 |    14 |    11 ||    37
         Receive Weapon    |       |       |       |       |     1 |       |       ||     1
         Receive Armour    |       |       |       |       |     1 |       |       ||     1
  Evoke: Wand              |       |       |       |       |     5 |     8 |       ||    13
    Use: Scroll            |     3 |     4 |     5 |    12 |     7 |     4 |     3 ||    38
         Potion            |       |       |     3 |     4 |       |       |    13 ||    20
 Armour: Leather armour    |    24 |    50 |       |   111 |    77 |       |       ||   262
         Ring mail         |       |    49 |    82 |       |     9 |   215 |   375 ||   730
         Robe              |       |       |    10 |    37 |       |       |       ||    47
         Skin              |       |       |       |       |       |       |     1 ||     1
  Dodge: Dodged            |    22 |    85 |    90 |   238 |   187 |   517 |   753 ||  1892
         Repelled          |       |       |       |       |       |     6 |     6 ||    12

Table legend:
 A = Non-vault XP
 B = Vault XP
 C = Vault XP percentage of total XP
 D = Non-vault monster count
 E = Vault monster count
 F = Vault count percentage of total count
                 A         B        C        D         E       F
            +---------+---------+-------+---------+---------+-------
      Total |  265849 |  177785 |  40.1 |     822 |     364 |  30.7
            +---------+---------+-------+---------+---------+-------
        D:1 |      34 |       0 |   0.0 |      21 |       0 |   0.0
        D:2 |      15 |      36 |  70.6 |       9 |      12 |  57.1
        D:3 |     122 |      53 |  30.3 |      27 |      20 |  42.6
        D:4 |     498 |     106 |  17.5 |      24 |      30 |  55.6
        D:5 |     724 |      80 |  10.0 |      16 |       5 |  23.8
        D:6 |    1072 |     496 |  31.6 |      22 |       3 |  12.0
        D:7 |    1856 |       0 |   0.0 |      26 |       0 |   0.0
        D:8 |    1971 |     821 |  29.4 |      19 |       1 |   5.0
        D:9 |    2255 |    1762 |  43.9 |      30 |      10 |  25.0
       D:10 |    1946 |     520 |  21.1 |      14 |       1 |   6.7
       D:11 |    6002 |       0 |   0.0 |      28 |       0 |   0.0
       D:12 |    7802 |     882 |  10.2 |      22 |       1 |   4.3
       D:13 |    3797 |    8431 |  68.9 |      10 |      15 |  60.0
       D:14 |    6004 |    6801 |  53.1 |      14 |      13 |  48.1
       D:15 |    9777 |    1088 |  10.0 |      20 |       1 |   4.8
     Lair:1 |    3307 |    1548 |  31.9 |      16 |       3 |  15.8
     Lair:2 |    3013 |    2213 |  42.3 |      15 |       4 |  21.1
     Lair:3 |    4977 |    2706 |  35.2 |      27 |       7 |  20.6
     Lair:4 |    6959 |     306 |   4.2 |      14 |       1 |   6.7
     Lair:5 |    8510 |   11532 |  57.5 |      23 |      32 |  58.2
    Swamp:1 |    9722 |       0 |   0.0 |      17 |       0 |   0.0
    Swamp:2 |    7093 |    1865 |  20.8 |      15 |       5 |  25.0
    Swamp:3 |   17871 |    2749 |  13.3 |      27 |       2 |   6.9
    Snake:1 |   19215 |   15443 |  44.6 |      35 |      22 |  38.6
    Snake:2 |   13873 |       0 |   0.0 |      27 |       0 |   0.0
    Snake:3 |   35008 |   12302 |  26.0 |      67 |      19 |  22.1
    Snake:4 |   22964 |   30506 |  57.1 |      42 |      40 |  48.8
      Orc:1 |    7070 |    6300 |  47.1 |      50 |       8 |  13.8
      Orc:2 |    4294 |   11825 |  73.4 |      53 |      28 |  34.6
   Vaults:1 |   10774 |   10119 |  48.4 |      22 |      12 |  35.3
   Vaults:2 |   19788 |    3873 |  16.4 |      29 |       5 |  14.7
   Vaults:3 |   18954 |   36868 |  66.0 |      28 |      37 |  56.9
   Vaults:4 |    8582 |    6182 |  41.9 |      13 |       7 |  35.0
      Sewer |       0 |     372 | 100.0 |       0 |      20 | 100.0
            +---------+---------+-------+---------+---------+-------
